[ AOE2 MATCH · #463376440 ]
Team RMMaya vs Japanese
[ REPLAY ANALYSIS · EXTRACTED FROM THE RECORDED GAME ]
Feudal
17:10
Castle
27:04
Imperial
46:10
| APM avg | 15.9 |
| APM peak | 54 |
| eAPM avg | 10.2 |
| Villagers / military | 83 / 139 |
Focus
⚔️ 42.2% · 🌾 57.8%
Plumed Archer ×76 · Eagle Scout ×28 · Fire Galley ×16 · Demolition Raft ×11 · Fishing Ship ×10 · Galley ×7
Feudal
14:24
Castle
24:02
Imperial
39:35
| APM avg | 24.9 |
| APM peak | 52 |
| eAPM avg | 10.9 |
| Villagers / military | 67 / 97 |
Focus
⚔️ 40.1% · 🌾 59.9%
Camel Archer ×62 · Camel Scout ×15 · Genitour ×6 · Spearman ×4 · Battering Ram ×4 · Scout Cavalry ×3
Feudal
20:38
Castle
28:54
Imperial
35:21
| APM avg | 37.2 |
| APM peak | 76 |
| eAPM avg | 19.2 |
| Villagers / military | 75 / 79 |
Focus
⚔️ 17.5% · 🌾 82.5%
Magyar Huszar ×47 · Scout Cavalry ×17 · Archer ×10 · Trebuchet (Packed) ×3 · Knight ×2
Feudal
20:08
Castle
25:17
Imperial
41:49
| APM avg | 20.9 |
| APM peak | 61 |
| eAPM avg | 9.4 |
| Villagers / military | 65 / 53 |
Focus
⚔️ 34.4% · 🌾 65.6%
Unknown (2626) ×47 · Samurai ×24 · Fishing Ship ×24 · Fire Galley ×11 · Cannon Galleon ×9 · Spearman ×7
Feudal
14:56
Castle
25:56
Imperial
38:42
| APM avg | 15.5 |
| APM peak | 41 |
| eAPM avg | 12.9 |
| Villagers / military | 95 / 250 |
Focus
⚔️ 28.8% · 🌾 71.2%
Scout Cavalry ×212 · Militia ×17 · Fire Galley ×13 · Monk ×3 · Obuch ×2 · Transport Ship ×2
Feudal
16:20
Castle
27:31
Imperial
39:23
| APM avg | 35.6 |
| APM peak | 87 |
| eAPM avg | 13.1 |
| Villagers / military | 88 / 134 |
Focus
⚔️ 32.8% · 🌾 67.2%
Skirmisher ×82 · Archer ×18 · Spearman ×10 · Petard ×8 · Fire Lancer ×7 · Rattan Archer ×4
Match map
Initial resources + every placement click. Lines = walls · curves = elevation contours. ◆ gold · ⬟ stone · ● berries · ✦ relic · ◌ wall gap
Your base· Open — 5t gap
ReVoluTion's base· Open — 6t gap
Epolus's base· Open — unwalled flank
Tomito's base· Open — 9t gap
Master Blaster's base· Open — 8t gap
Shankzera's base· Open — unwalled flank
Smoothed initial terrain · ◌ = detected wall gap · hover for details
Inputs per minute
— StraightUpSlacker - - ReVoluTion
Build order — StraightUpSlacker
First 150 of 370 actions detected
| 0:11 | Build | Town Center |
| 1:14 | Build | House |
| 1:58 | Create | Villager (Male) |
| 1:58 | Create | Villager (Male) |
| 2:01 | Create | Villager (Male) |
| 2:01 | Create | Villager (Male) |
| 3:05 | Build | House |
| 3:23 | Create | Villager (Male) |
| 3:40 | Build | Mill |
| 3:56 | Create | Villager (Male) |
| 3:56 | Create | Villager (Male) |
| 4:34 | Create | Villager (Male) |
| 4:58 | Create | Villager (Male) |
| 5:20 | Create | Villager (Male) |
| 5:37 | Create | Villager (Male) |
| 6:18 | Build | House |
| 6:21 | Create | Villager (Male) |
| 6:22 | Create | Villager (Male) |
| 6:36 | Build | Lumber Camp |
| 6:53 | Create | Villager (Male) |
| 7:04 | Create | Villager (Male) |
| 7:35 | Create | Villager (Male) |
| 8:17 | Build | Mill |
| 8:19 | Create | Villager (Male) |
| 8:20 | Create | Villager (Male) |
| 8:47 | Create | Villager (Male) |
| 8:52 | Build | House |
| 9:39 | Build | Dock |
| 9:42 | Create | Villager (Male) |
| 9:43 | Create | Villager (Male) |
| 10:00 | Build | House |
| 10:02 | Build | House |
| 10:03 | Build | House |
| 10:17 | Create | Villager (Male) |
| 10:17 | Create | Villager (Male) |
| 10:23 | Create | Fishing Ship |
| 10:39 | Build | House |
| 10:45 | Create | Villager (Male) |
| 10:46 | Create | Villager (Male) |
| 11:17 | Create | Fishing Ship |
| 11:27 | Build | Mining Camp |
| 11:33 | Create | Villager (Male) |
| 11:43 | Build | House |
| 11:50 | Create | Fishing Ship |
| 12:07 | Create | Villager (Male) |
| 12:30 | Create | Villager (Male) |
| 12:40 | Create | Fishing Ship |
| 12:41 | Create | Fishing Ship |
| 13:22 | Create | Fishing Ship |
| 13:25 | Create | Villager (Male) |
| 13:39 | Build | Mill |
| 13:46 | Create | Villager (Male) |
| 14:00 | Create | Fishing Ship |
| 14:04 | Create | Fishing Ship |
| 14:19 | Build | House |
| 14:22 | Build | House |
| 14:23 | Build | House |
| 14:24 | Build | House |
| 14:28 | Build | House |
| 14:33 | Create | Villager (Male) |
| 15:00 | Research | Feudal Age |
| 15:20 | Build | Barracks |
| 15:29 | Create | Fishing Ship |
| 16:00 | Create | Villager (Male) |
| 16:00 | Create | Villager (Male) |
| 16:01 | Create | Villager (Male) |
| 16:16 | Build | Farm |
| 16:20 | Build | Farm |
| 16:42 | Create | Fishing Ship |
| 17:09 | Build | Farm |
| 17:10 | Age | Feudal Age |
| 17:13 | Build | Farm |
| 17:17 | Build | Farm |
| 17:21 | Create | Villager (Male) |
| 17:22 | Research | Wheelbarrow |
| 17:28 | Build | Farm |
| 17:42 | Research | Tech 906 |
| 18:09 | Build | House |
| 18:17 | Create | Villager (Male) |
| 18:24 | Build | Farm |
| 18:30 | Create | Demolition Raft |
| 18:46 | Build | House |
| 18:53 | Build | House |
| 18:54 | Build | House |
| 18:59 | Create | Villager (Male) |
| 19:06 | Build | Archery Range |
| 19:16 | Research | Horse Collar |
| 19:20 | Research | Double-Bit Axe |
| 19:24 | Create | Demolition Raft |
| 19:33 | Research | Gold Mining |
| 20:08 | Create | Fire Galley |
| 20:09 | Create | Fire Galley |
| 20:28 | Create | Villager (Male) |
| 20:28 | Create | Villager (Male) |
| 20:40 | Build | Lumber Camp |
| 20:46 | Build | House |
| 20:48 | Build | House |
| 20:54 | Create | Villager (Male) |
| 21:31 | Build | Market |
| 21:43 | Build | Farm |
| 21:48 | Create | Fire Galley |
| 22:14 | Build | Farm |
| 22:17 | Create | Villager (Male) |
| 22:17 | Create | Villager (Male) |
| 22:18 | Create | Villager (Male) |
| 22:18 | Create | Villager (Male) |
| 22:18 | Create | Villager (Male) |
| 22:20 | Create | Villager (Male) |
| 23:00 | Build | Blacksmith |
| 23:46 | Create | Fire Galley |
| 23:46 | Create | Fire Galley |
| 24:11 | Build | Archery Range |
| 24:23 | Research | Castle Age |
| 24:40 | Build | Mining Camp |
| 25:07 | Create | Unit 2626 |
| 25:07 | Create | Unit 2626 |
| 25:34 | Build | Lumber Camp |
| 25:49 | Create | Villager (Male) |
| 25:50 | Create | Villager (Male) |
| 25:58 | Create | Villager (Male) |
| 25:58 | Create | Villager (Male) |
| 26:33 | Build | Dock |
| 26:38 | Build | Dock |
| 26:57 | Research | Stone Mining |
| 27:04 | Age | Castle Age |
| 27:22 | Build | Castle |
| 27:39 | Research | Thumb Ring |
| 27:43 | Research | Heavy Plow |
| 27:47 | Research | Stone Shaft Mining |
| 28:00 | Build | Mining Camp |
| 28:23 | Research | War Galley (upgrade) |
| 28:26 | Research | Gillnets |
| 28:32 | Research | Tech 905 |
| 29:26 | Create | Fire Galley |
| 29:26 | Create | Fire Galley |
| 29:26 | Create | Fire Galley |
| 29:26 | Create | Fire Galley |
| 29:39 | Create | Plumed Archer |
| 29:40 | Create | Plumed Archer |
| 29:40 | Create | Plumed Archer |
| 29:40 | Create | Plumed Archer |
| 29:40 | Create | Plumed Archer |
| 29:41 | Create | Plumed Archer |
| 29:41 | Create | Plumed Archer |
| 29:41 | Create | Plumed Archer |
| 29:44 | Create | Villager (Male) |
| 29:45 | Create | Villager (Male) |
| 29:45 | Create | Villager (Male) |
| 29:45 | Create | Villager (Male) |
| 29:45 | Create | Villager (Male) |
Build order — ReVoluTion
First 150 of 278 actions detected
| 0:13 | Build | Town Center |
| 0:56 | Build | House |
| 1:26 | Build | House |
| 1:39 | Build | Mill |
| 2:07 | Create | Villager (Male) |
| 2:08 | Create | Villager (Male) |
| 2:08 | Create | Villager (Male) |
| 2:08 | Create | Villager (Male) |
| 2:08 | Create | Villager (Male) |
| 3:42 | Create | Villager (Male) |
| 4:14 | Create | Villager (Male) |
| 4:14 | Create | Villager (Male) |
| 4:40 | Create | Villager (Male) |
| 5:09 | Create | Villager (Male) |
| 5:23 | Create | Villager (Male) |
| 5:42 | Build | House |
| 5:51 | Create | Villager (Male) |
| 6:12 | Create | Villager (Male) |
| 7:03 | Create | Villager (Male) |
| 7:03 | Create | Villager (Male) |
| 7:35 | Build | Barracks |
| 7:57 | Create | Villager (Male) |
| 7:57 | Create | Villager (Male) |
| 8:15 | Create | Villager (Male) |
| 8:16 | Create | Villager (Male) |
| 8:40 | Build | House |
| 9:23 | Create | Villager (Male) |
| 9:25 | Create | Villager (Male) |
| 9:34 | Build | Mill |
| 9:51 | Create | Villager (Male) |
| 10:10 | Create | Villager (Male) |
| 10:35 | Build | Lumber Camp |
| 11:17 | Create | Militia |
| 11:45 | Create | Villager (Male) |
| 11:46 | Create | Villager (Male) |
| 11:54 | Build | House |
| 11:56 | Build | House |
| 11:57 | Build | House |
| 11:58 | Build | House |
| 12:14 | Research | Feudal Age |
| 14:03 | Build | Mill |
| 14:22 | Create | Villager (Male) |
| 14:22 | Create | Villager (Male) |
| 14:23 | Create | Villager (Male) |
| 14:24 | Age | Feudal Age |
| 15:05 | Research | Double-Bit Axe |
| 15:24 | Create | Villager (Male) |
| 15:51 | Build | Stable |
| 16:00 | Build | Blacksmith |
| 16:15 | Build | Farm |
| 16:16 | Build | Farm |
| 16:17 | Build | Farm |
| 16:18 | Build | Farm |
| 16:20 | Build | Farm |
| 16:21 | Build | Farm |
| 16:27 | Create | Villager (Male) |
| 16:27 | Create | Villager (Male) |
| 16:55 | Create | Scout Cavalry |
| 16:55 | Create | Scout Cavalry |
| 17:01 | Research | Scale Barding Armor |
| 17:21 | Research | Forging |
| 17:23 | Create | Scout Cavalry |
| 17:25 | Create | Villager (Male) |
| 17:25 | Create | Villager (Male) |
| 17:32 | Build | Mining Camp |
| 17:36 | Build | Mining Camp |
| 18:20 | Create | Villager (Male) |
| 18:22 | Create | Villager (Male) |
| 18:53 | Create | Villager (Male) |
| 18:54 | Create | Villager (Male) |
| 19:32 | Create | Spearman |
| 19:37 | Create | Spearman |
| 19:43 | Research | Horse Collar |
| 19:56 | Research | Fletching |
| 21:22 | Research | Castle Age |
| 22:16 | Build | Market |
| 22:39 | Build | House |
| 22:39 | Build | House |
| 22:39 | Build | House |
| 22:39 | Build | House |
| 22:40 | Build | House |
| 22:40 | Build | House |
| 22:40 | Build | House |
| 22:40 | Build | House |
| 22:41 | Build | House |
| 22:41 | Build | House |
| 22:41 | Build | House |
| 22:42 | Build | House |
| 22:42 | Build | House |
| 24:02 | Age | Castle Age |
| 24:15 | Create | Spearman |
| 24:15 | Create | Spearman |
| 24:33 | Build | Archery Range |
| 24:57 | Create | Villager (Male) |
| 24:57 | Create | Villager (Male) |
| 24:57 | Create | Villager (Male) |
| 24:57 | Create | Villager (Male) |
| 25:03 | Build | Town Center |
| 25:58 | Research | Bow Saw |
| 26:05 | Build | Farm |
| 26:06 | Build | Farm |
| 26:07 | Build | Farm |
| 26:09 | Build | Farm |
| 26:10 | Build | Farm |
| 26:11 | Build | Farm |
| 26:18 | Create | Villager (Male) |
| 26:18 | Research | Wheelbarrow |
| 26:26 | Research | Fletching |
| 26:35 | Create | Genitour |
| 26:35 | Create | Genitour |
| 26:36 | Create | Genitour |
| 26:48 | Research | Husbandry |
| 26:50 | Research | Bloodlines |
| 26:55 | Create | Villager (Male) |
| 26:55 | Create | Villager (Male) |
| 26:55 | Create | Villager (Male) |
| 26:56 | Create | Villager (Male) |
| 27:03 | Build | Lumber Camp |
| 27:19 | Build | Farm |
| 27:21 | Build | Farm |
| 27:23 | Build | Farm |
| 27:25 | Build | Farm |
| 27:30 | Create | Villager (Male) |
| 27:40 | Build | Farm |
| 28:00 | Build | Castle |
| 28:46 | Create | Genitour |
| 28:47 | Create | Genitour |
| 28:47 | Create | Genitour |
| 28:54 | Research | Bodkin Arrow |
| 29:07 | Create | Camel Scout |
| 29:07 | Create | Camel Scout |
| 29:07 | Create | Camel Scout |
| 29:20 | Create | Camel Archer |
| 29:21 | Create | Camel Archer |
| 29:21 | Create | Camel Archer |
| 29:21 | Create | Camel Archer |
| 30:27 | Build | Siege Workshop |
| 30:38 | Create | Camel Scout |
| 30:39 | Create | Camel Scout |
| 30:45 | Research | Kasbah |
| 30:58 | Research | Padded Archer Armor |
| 31:15 | Create | Battering Ram |
| 31:15 | Create | Battering Ram |
| 31:18 | Create | Villager (Male) |
| 31:18 | Create | Villager (Male) |
| 31:22 | Create | Villager (Male) |
| 31:22 | Create | Villager (Male) |
| 31:23 | Create | Villager (Male) |
| 31:33 | Research | Gold Mining |
| 31:39 | Research | Leather Archer Armor |
Build order — Epolus
First 150 of 248 actions detected
| 2:21 | Build | Town Center |
| 3:36 | Build | House |
| 3:38 | Build | House |
| 3:39 | Build | House |
| 4:16 | Create | Villager (Male) |
| 4:16 | Create | Villager (Male) |
| 4:16 | Create | Villager (Male) |
| 4:16 | Create | Villager (Male) |
| 4:16 | Create | Villager (Male) |
| 4:29 | Build | Lumber Camp |
| 5:51 | Create | Villager (Male) |
| 6:11 | Build | Palisade Wall |
| 7:04 | Create | Villager (Male) |
| 7:05 | Create | Villager (Male) |
| 7:05 | Create | Villager (Male) |
| 8:44 | Build | Mill |
| 9:26 | Create | Villager (Male) |
| 9:27 | Create | Villager (Male) |
| 9:27 | Create | Villager (Male) |
| 9:34 | Create | Villager (Male) |
| 9:36 | Create | Villager (Male) |
| 9:36 | Create | Villager (Male) |
| 10:14 | Create | Villager (Male) |
| 10:33 | Create | Villager (Male) |
| 10:49 | Build | House |
| 10:55 | Build | House |
| 12:06 | Build | Farm |
| 12:06 | Build | Farm |
| 12:07 | Build | Farm |
| 12:07 | Build | Farm |
| 12:07 | Build | Farm |
| 12:08 | Build | Farm |
| 12:09 | Build | Farm |
| 12:23 | Build | Farm |
| 12:55 | Build | Farm |
| 12:56 | Build | Farm |
| 13:13 | Create | Villager (Male) |
| 13:13 | Create | Villager (Male) |
| 13:19 | Create | Villager (Male) |
| 13:36 | Build | Barracks |
| 13:54 | Build | Farm |
| 14:12 | Build | Farm |
| 14:38 | Build | Farm |
| 15:19 | Create | Villager (Male) |
| 15:22 | Create | Villager (Male) |
| 15:22 | Create | Villager (Male) |
| 16:10 | Build | Mining Camp |
| 16:22 | Build | Farm |
| 16:23 | Build | Farm |
| 16:28 | Create | Villager (Male) |
| 16:55 | Create | Villager (Male) |
| 17:06 | Build | Farm |
| 17:34 | Build | Farm |
| 17:38 | Create | Villager (Male) |
| 17:38 | Create | Villager (Male) |
| 18:05 | Build | House |
| 18:06 | Build | House |
| 18:10 | Build | House |
| 18:17 | Research | Feudal Age |
| 19:08 | Create | Villager (Male) |
| 19:30 | Build | Farm |
| 20:38 | Age | Feudal Age |
| 20:55 | Build | Stable |
| 20:57 | Build | Stable |
| 21:12 | Build | Blacksmith |
| 21:18 | Create | Villager (Male) |
| 21:19 | Create | Villager (Male) |
| 21:19 | Create | Villager (Male) |
| 21:21 | Create | Villager (Male) |
| 21:21 | Create | Villager (Male) |
| 21:41 | Research | Double-Bit Axe |
| 21:47 | Research | Gold Mining |
| 21:47 | Research | Stone Mining |
| 23:00 | Build | Market |
| 23:19 | Build | Farm |
| 23:42 | Create | Villager (Male) |
| 23:42 | Create | Villager (Male) |
| 23:42 | Create | Villager (Male) |
| 23:59 | Create | Scout Cavalry |
| 23:59 | Create | Scout Cavalry |
| 24:52 | Build | Stone Wall |
| 25:14 | Create | Scout Cavalry |
| 25:14 | Create | Scout Cavalry |
| 25:33 | Build | Farm |
| 25:33 | Build | Farm |
| 25:49 | Create | Villager (Male) |
| 25:49 | Create | Villager (Male) |
| 26:02 | Research | Castle Age |
| 26:57 | Build | Archery Range |
| 27:03 | Create | Villager (Male) |
| 27:34 | Build | Farm |
| 27:35 | Build | Farm |
| 27:57 | Build | Farm |
| 28:16 | Build | Farm |
| 28:30 | Create | Scout Cavalry |
| 28:33 | Create | Scout Cavalry |
| 28:54 | Age | Castle Age |
| 29:48 | Build | Castle |
| 30:35 | Build | Stone Wall |
| 31:00 | Build | Town Center |
| 31:08 | Build | House |
| 31:08 | Build | House |
| 31:09 | Build | House |
| 31:09 | Build | House |
| 31:10 | Build | House |
| 31:12 | Build | House |
| 31:32 | Research | Scale Mail Armor |
| 31:38 | Research | Bloodlines |
| 31:57 | Research | Bow Saw |
| 31:59 | Research | Gold Shaft Mining |
| 32:06 | Create | Villager (Male) |
| 32:06 | Create | Villager (Male) |
| 32:11 | Research | Imperial Age |
| 32:36 | Build | Farm |
| 33:39 | Create | Villager (Male) |
| 34:10 | Create | Villager (Male) |
| 34:10 | Create | Villager (Male) |
| 34:10 | Create | Villager (Male) |
| 34:10 | Create | Villager (Male) |
| 34:10 | Create | Villager (Male) |
| 34:15 | Create | Villager (Male) |
| 34:58 | Build | Archery Range |
| 35:21 | Age | Imperial Age |
| 35:35 | Create | Trebuchet (Packed) |
| 35:55 | Create | Villager (Male) |
| 36:09 | Create | Villager (Male) |
| 36:09 | Create | Villager (Male) |
| 36:22 | Research | Crossbowman (upgrade) |
| 36:22 | Research | Thumb Ring |
| 36:52 | Build | Lumber Camp |
| 36:58 | Create | Villager (Male) |
| 36:58 | Create | Villager (Male) |
| 36:58 | Create | Villager (Male) |
| 37:12 | Create | Villager (Male) |
| 37:12 | Create | Villager (Male) |
| 37:15 | Create | Villager (Male) |
| 37:15 | Create | Villager (Male) |
| 37:44 | Build | Farm |
| 38:05 | Create | Villager (Male) |
| 38:05 | Create | Villager (Male) |
| 38:05 | Create | Villager (Male) |
| 39:00 | Create | Trebuchet (Packed) |
| 39:19 | Research | Arbalester (upgrade) |
| 39:54 | Create | Villager (Male) |
| 39:54 | Create | Villager (Male) |
| 39:54 | Create | Villager (Male) |
| 39:57 | Create | Villager (Male) |
| 39:57 | Create | Villager (Male) |
| 39:57 | Create | Villager (Male) |
| 39:58 | Create | Villager (Male) |
Build order — Tomito
First 150 of 272 actions detected
| 0:13 | Build | House |
| 0:15 | Build | House |
| 1:54 | Build | Town Center |
| 2:14 | Build | Dock |
| 4:08 | Create | Villager (Male) |
| 4:09 | Create | Villager (Male) |
| 4:09 | Create | Villager (Male) |
| 4:11 | Create | Villager (Male) |
| 4:11 | Create | Villager (Male) |
| 5:24 | Create | Villager (Male) |
| 5:25 | Create | Villager (Male) |
| 5:56 | Create | Villager (Male) |
| 7:22 | Create | Villager (Male) |
| 7:22 | Create | Villager (Male) |
| 7:49 | Create | Fishing Ship |
| 7:51 | Create | Villager (Male) |
| 8:00 | Build | House |
| 8:03 | Create | Villager (Male) |
| 8:17 | Create | Villager (Male) |
| 8:38 | Create | Villager (Male) |
| 9:01 | Create | Villager (Male) |
| 9:24 | Create | Fishing Ship |
| 9:28 | Create | Villager (Male) |
| 9:41 | Create | Fishing Ship |
| 9:48 | Create | Villager (Male) |
| 9:55 | Build | House |
| 9:59 | Create | Villager (Male) |
| 10:07 | Create | Fishing Ship |
| 10:15 | Create | Villager (Male) |
| 10:38 | Create | Villager (Male) |
| 10:45 | Create | Fishing Ship |
| 11:10 | Create | Villager (Male) |
| 11:22 | Build | Dock |
| 11:37 | Build | Lumber Camp |
| 11:42 | Build | House |
| 11:57 | Create | Fishing Ship |
| 12:21 | Create | Villager (Male) |
| 12:23 | Create | Fishing Ship |
| 12:30 | Create | Fishing Ship |
| 12:47 | Build | Mining Camp |
| 12:47 | Create | Villager (Male) |
| 12:53 | Build | House |
| 13:15 | Create | Fishing Ship |
| 13:15 | Create | Fishing Ship |
| 13:36 | Build | Mining Camp |
| 13:40 | Create | Villager (Male) |
| 13:41 | Create | Villager (Male) |
| 13:55 | Create | Fishing Ship |
| 13:56 | Create | Fishing Ship |
| 14:02 | Build | House |
| 14:11 | Build | House |
| 14:22 | Create | Fishing Ship |
| 14:23 | Create | Fishing Ship |
| 14:35 | Build | House |
| 15:08 | Create | Fishing Ship |
| 15:08 | Create | Fishing Ship |
| 15:17 | Create | Fishing Ship |
| 15:38 | Create | Villager (Male) |
| 16:40 | Build | Dock |
| 16:43 | Create | Villager (Male) |
| 16:44 | Create | Villager (Male) |
| 17:03 | Create | Fishing Ship |
| 17:04 | Create | Fishing Ship |
| 17:04 | Create | Fishing Ship |
| 17:20 | Create | Villager (Male) |
| 17:47 | Research | Feudal Age |
| 18:11 | Build | Dock |
| 19:08 | Build | House |
| 19:09 | Build | House |
| 19:14 | Create | Fishing Ship |
| 19:15 | Create | Fishing Ship |
| 19:20 | Create | Fishing Ship |
| 19:21 | Create | Fishing Ship |
| 19:54 | Create | Villager (Male) |
| 19:55 | Create | Villager (Male) |
| 20:08 | Age | Feudal Age |
| 20:09 | Create | Demolition Raft |
| 20:09 | Create | Demolition Raft |
| 20:26 | Create | Unit 2626 |
| 20:27 | Create | Unit 2626 |
| 20:31 | Create | Unit 2626 |
| 20:31 | Create | Unit 2626 |
| 20:35 | Create | Unit 2626 |
| 20:35 | Create | Unit 2626 |
| 20:40 | Create | Unit 2626 |
| 20:40 | Create | Unit 2626 |
| 20:56 | Build | Blacksmith |
| 21:02 | Build | Mill |
| 21:05 | Create | Villager (Male) |
| 21:05 | Create | Villager (Male) |
| 21:05 | Create | Villager (Male) |
| 21:14 | Build | House |
| 21:15 | Build | House |
| 21:42 | Build | Market |
| 21:46 | Research | Double-Bit Axe |
| 22:18 | Build | House |
| 22:20 | Build | House |
| 22:37 | Research | Castle Age |
| 22:51 | Research | Tech 906 |
| 23:15 | Build | Barracks |
| 23:39 | Create | Spearman |
| 23:39 | Create | Spearman |
| 23:40 | Create | Spearman |
| 23:40 | Create | Spearman |
| 24:14 | Create | Villager (Male) |
| 24:14 | Create | Villager (Male) |
| 24:53 | Build | House |
| 24:55 | Build | House |
| 25:17 | Age | Castle Age |
| 25:50 | Research | War Galley (upgrade) |
| 25:54 | Create | Villager (Male) |
| 25:54 | Create | Villager (Male) |
| 25:54 | Create | Villager (Male) |
| 25:57 | Research | Bow Saw |
| 26:01 | Build | Lumber Camp |
| 26:22 | Create | Fire Galley |
| 26:22 | Create | Fire Galley |
| 26:22 | Create | Fire Galley |
| 26:26 | Create | Fire Galley |
| 26:26 | Create | Fire Galley |
| 26:27 | Create | Fire Galley |
| 26:51 | Build | University |
| 26:55 | Create | Villager (Male) |
| 26:55 | Create | Villager (Male) |
| 27:27 | Research | Treadmill Crane |
| 28:09 | Build | Castle |
| 28:33 | Build | Castle |
| 29:10 | Create | Unit 2626 |
| 29:10 | Create | Unit 2626 |
| 29:11 | Create | Unit 2626 |
| 29:14 | Create | Unit 2626 |
| 29:15 | Create | Unit 2626 |
| 30:05 | Create | Samurai |
| 30:06 | Create | Samurai |
| 30:06 | Create | Samurai |
| 30:06 | Create | Samurai |
| 30:06 | Create | Samurai |
| 30:14 | Research | Murder Holes |
| 30:15 | Research | Ballistics |
| 30:18 | Create | Samurai |
| 30:18 | Create | Samurai |
| 30:18 | Create | Samurai |
| 30:50 | Create | Fire Galley |
| 30:51 | Create | Fire Galley |
| 30:58 | Create | Unit 2626 |
| 30:58 | Create | Unit 2626 |
| 31:14 | Create | Samurai |
| 31:15 | Create | Samurai |
| 31:17 | Create | Samurai |
| 31:38 | Build | Fish Trap |
Build order — Master Blaster
First 150 of 417 actions detected
| 0:21 | Build | Town Center |
| 0:30 | Build | House |
| 0:31 | Build | House |
| 0:33 | Build | House |
| 0:40 | Build | Mill |
| 1:55 | Research | Loom |
| 1:56 | Create | Villager (Male) |
| 1:56 | Create | Villager (Male) |
| 1:56 | Create | Villager (Male) |
| 1:57 | Create | Villager (Male) |
| 3:24 | Create | Villager (Male) |
| 4:08 | Create | Villager (Male) |
| 4:44 | Create | Villager (Male) |
| 5:03 | Create | Villager (Male) |
| 5:25 | Create | Villager (Male) |
| 5:49 | Build | Mill |
| 6:02 | Build | Mill |
| 6:05 | Create | Villager (Male) |
| 6:31 | Create | Villager (Male) |
| 6:54 | Create | Villager (Male) |
| 7:19 | Create | Villager (Male) |
| 7:39 | Create | Villager (Male) |
| 7:57 | Create | Villager (Male) |
| 8:13 | Create | Villager (Male) |
| 8:21 | Create | Villager (Male) |
| 9:03 | Create | Villager (Male) |
| 9:03 | Create | Villager (Male) |
| 9:04 | Create | Villager (Male) |
| 9:14 | Build | Mill |
| 9:29 | Build | Farm |
| 9:30 | Build | Farm |
| 9:32 | Build | Farm |
| 9:37 | Build | Farm |
| 9:44 | Create | Villager (Male) |
| 9:51 | Create | Villager (Male) |
| 9:52 | Create | Villager (Male) |
| 10:29 | Create | Villager (Male) |
| 11:20 | Create | Villager (Male) |
| 11:49 | Create | Villager (Male) |
| 12:04 | Build | Lumber Camp |
| 12:08 | Create | Villager (Male) |
| 12:31 | Research | Feudal Age |
| 13:25 | Build | Mill |
| 13:53 | Create | Villager (Male) |
| 13:54 | Create | Villager (Male) |
| 13:54 | Create | Villager (Male) |
| 13:55 | Create | Villager (Male) |
| 14:12 | Build | Lumber Camp |
| 14:28 | Build | House |
| 14:29 | Build | House |
| 14:31 | Build | House |
| 14:32 | Build | House |
| 14:32 | Build | House |
| 14:32 | Build | House |
| 14:32 | Build | House |
| 14:33 | Build | House |
| 14:33 | Build | House |
| 14:33 | Build | House |
| 14:34 | Build | House |
| 14:34 | Build | House |
| 14:34 | Build | House |
| 14:35 | Build | House |
| 14:35 | Build | House |
| 14:35 | Build | House |
| 14:56 | Age | Feudal Age |
| 15:03 | Research | Double-Bit Axe |
| 15:38 | Create | Villager (Male) |
| 15:57 | Build | House |
| 16:15 | Build | Mining Camp |
| 16:21 | Create | Villager (Male) |
| 16:26 | Build | Farm |
| 16:27 | Build | Farm |
| 16:29 | Build | Farm |
| 16:31 | Build | Farm |
| 16:32 | Build | Farm |
| 16:32 | Build | Farm |
| 16:33 | Build | Farm |
| 16:33 | Build | Farm |
| 16:33 | Build | Farm |
| 16:34 | Build | Farm |
| 16:34 | Build | Farm |
| 16:34 | Build | Farm |
| 16:34 | Build | Farm |
| 16:35 | Build | Farm |
| 16:35 | Build | Farm |
| 16:35 | Build | Farm |
| 16:36 | Build | Farm |
| 16:36 | Build | Farm |
| 16:36 | Build | Farm |
| 16:37 | Build | Farm |
| 16:37 | Build | Farm |
| 16:40 | Build | Farm |
| 16:41 | Build | Farm |
| 16:41 | Build | Farm |
| 16:41 | Build | Farm |
| 16:42 | Build | Farm |
| 16:42 | Build | Farm |
| 16:42 | Build | Farm |
| 16:42 | Build | Farm |
| 16:43 | Build | Farm |
| 16:43 | Build | Farm |
| 16:52 | Build | House |
| 16:57 | Create | Villager (Male) |
| 17:13 | Create | Villager (Male) |
| 17:27 | Build | Mill |
| 17:30 | Build | Farm |
| 17:36 | Create | Villager (Male) |
| 17:49 | Build | Mill |
| 17:53 | Build | Farm |
| 17:55 | Create | Villager (Male) |
| 17:56 | Create | Villager (Male) |
| 18:20 | Build | Lumber Camp |
| 18:28 | Build | Farm |
| 18:41 | Research | Horse Collar |
| 18:55 | Create | Villager (Male) |
| 18:58 | Create | Villager (Male) |
| 19:09 | Create | Villager (Male) |
| 19:36 | Build | Dock |
| 19:42 | Build | Dock |
| 19:45 | Build | Dock |
| 19:46 | Build | Dock |
| 19:47 | Build | Dock |
| 19:47 | Build | Dock |
| 19:48 | Build | Dock |
| 19:48 | Build | Dock |
| 19:48 | Build | Dock |
| 19:49 | Build | Dock |
| 19:49 | Build | Dock |
| 19:49 | Build | Dock |
| 19:50 | Build | Dock |
| 19:50 | Build | Dock |
| 19:50 | Build | Dock |
| 20:03 | Build | Dock |
| 20:25 | Create | Villager (Male) |
| 20:33 | Create | Transport Ship |
| 20:46 | Create | Villager (Male) |
| 20:51 | Build | Barracks |
| 20:56 | Create | Villager (Male) |
| 21:16 | Build | Blacksmith |
| 21:34 | Create | Villager (Male) |
| 21:40 | Create | Villager (Male) |
| 21:40 | Create | Villager (Male) |
| 21:57 | Create | Villager (Male) |
| 22:17 | Build | Market |
| 22:21 | Create | Villager (Male) |
| 22:32 | Build | Lumber Camp |
| 22:36 | Build | House |
| 22:39 | Build | House |
| 22:39 | Build | House |
| 23:02 | Research | Castle Age |
Build order — Shankzera
First 150 of 282 actions detected
| 0:36 | Build | House |
| 1:13 | Build | House |
| 3:44 | Build | Town Center |
| 5:30 | Create | Villager (Male) |
| 5:31 | Create | Villager (Male) |
| 6:03 | Create | Villager (Male) |
| 6:05 | Create | Villager (Male) |
| 6:05 | Create | Villager (Male) |
| 6:34 | Create | Villager (Male) |
| 7:29 | Create | Villager (Male) |
| 7:30 | Create | Villager (Male) |
| 8:03 | Create | Villager (Male) |
| 8:38 | Research | Loom |
| 9:23 | Create | Villager (Male) |
| 9:24 | Create | Villager (Male) |
| 9:46 | Create | Villager (Male) |
| 9:55 | Create | Villager (Male) |
| 10:16 | Create | Villager (Male) |
| 11:13 | Build | House |
| 11:16 | Build | House |
| 12:15 | Create | Villager (Male) |
| 12:27 | Build | House |
| 12:28 | Create | Villager (Male) |
| 13:02 | Build | Mining Camp |
| 13:20 | Build | Lumber Camp |
| 13:45 | Create | Villager (Male) |
| 14:10 | Research | Feudal Age |
| 15:04 | Build | Barracks |
| 15:23 | Create | Villager (Male) |
| 15:24 | Create | Villager (Male) |
| 16:20 | Age | Feudal Age |
| 16:30 | Build | Stable |
| 16:36 | Research | Town Watch |
| 16:49 | Build | Outpost |
| 16:54 | Build | Mill |
| 17:06 | Create | Villager (Male) |
| 17:11 | Build | Archery Range |
| 17:23 | Create | Scout Cavalry |
| 17:27 | Build | Farm |
| 17:27 | Build | Farm |
| 17:27 | Build | Farm |
| 17:28 | Build | Farm |
| 17:39 | Create | Villager (Male) |
| 17:49 | Research | Double-Bit Axe |
| 18:16 | Build | Farm |
| 18:16 | Build | Farm |
| 18:21 | Build | Farm |
| 18:24 | Build | Farm |
| 18:26 | Build | Farm |
| 18:44 | Create | Archer |
| 18:44 | Create | Archer |
| 18:45 | Create | Archer |
| 18:51 | Create | Villager (Male) |
| 18:53 | Create | Villager (Male) |
| 19:30 | Create | Villager (Male) |
| 19:36 | Research | Wheelbarrow |
| 19:43 | Build | House |
| 19:44 | Build | House |
| 20:22 | Create | Archer |
| 20:29 | Create | Villager (Male) |
| 20:32 | Create | Villager (Male) |
| 20:37 | Research | Horse Collar |
| 20:42 | Build | Farm |
| 20:42 | Build | Farm |
| 20:47 | Build | House |
| 20:51 | Build | House |
| 21:03 | Create | Archer |
| 21:16 | Build | Farm |
| 21:19 | Create | Villager (Male) |
| 21:24 | Build | Farm |
| 21:25 | Create | Villager (Male) |
| 21:40 | Create | Archer |
| 21:41 | Create | Archer |
| 21:58 | Build | Blacksmith |
| 22:10 | Build | House |
| 22:12 | Build | House |
| 22:13 | Build | House |
| 22:31 | Create | Villager (Male) |
| 22:33 | Create | Villager (Male) |
| 22:40 | Create | Archer |
| 22:59 | Research | Fletching |
| 23:02 | Create | Villager (Male) |
| 23:08 | Create | Archer |
| 23:56 | Create | Archer |
| 24:03 | Build | House |
| 24:38 | Build | Lumber Camp |
| 24:50 | Build | Farm |
| 24:51 | Build | Farm |
| 24:51 | Research | Castle Age |
| 26:31 | Create | Archer |
| 26:32 | Create | Archer |
| 26:32 | Create | Archer |
| 26:33 | Create | Spearman |
| 26:34 | Create | Spearman |
| 26:34 | Create | Spearman |
| 26:36 | Create | Villager (Male) |
| 26:45 | Create | Villager (Male) |
| 26:58 | Research | Padded Archer Armor |
| 27:00 | Create | Archer |
| 27:18 | Create | Villager (Male) |
| 27:23 | Create | Archer |
| 27:31 | Age | Castle Age |
| 27:32 | Research | Crossbowman (upgrade) |
| 27:41 | Create | Villager (Male) |
| 27:41 | Create | Villager (Male) |
| 27:47 | Create | Archer |
| 27:55 | Create | Villager (Male) |
| 27:55 | Create | Villager (Male) |
| 28:05 | Build | Town Center |
| 28:18 | Research | Pikeman (upgrade) |
| 28:18 | Create | Spearman |
| 28:50 | Create | Villager (Male) |
| 28:51 | Research | Town Patrol |
| 29:17 | Create | Archer |
| 29:18 | Create | Archer |
| 29:43 | Create | Skirmisher |
| 29:43 | Create | Skirmisher |
| 29:43 | Create | Skirmisher |
| 30:18 | Create | Villager (Male) |
| 30:19 | Create | Villager (Male) |
| 30:25 | Research | Hand Cart |
| 30:26 | Create | Villager (Male) |
| 30:33 | Create | Villager (Male) |
| 30:34 | Create | Villager (Male) |
| 30:46 | Research | Elite Skirmisher (upgrade) |
| 31:05 | Build | Farm |
| 31:32 | Create | Villager (Male) |
| 31:35 | Create | Villager (Male) |
| 31:35 | Create | Villager (Male) |
| 31:42 | Build | Farm |
| 31:42 | Build | Farm |
| 31:44 | Create | Spearman |
| 32:04 | Build | Archery Range |
| 32:06 | Build | Archery Range |
| 32:17 | Research | Squires |
| 32:25 | Create | Villager (Male) |
| 32:25 | Create | Villager (Male) |
| 32:29 | Build | Farm |
| 32:33 | Create | Villager (Male) |
| 32:33 | Create | Villager (Male) |
| 32:34 | Create | Villager (Male) |
| 32:34 | Create | Villager (Male) |
| 32:38 | Create | Skirmisher |
| 32:38 | Create | Skirmisher |
| 32:39 | Create | Skirmisher |
| 33:04 | Create | Villager (Male) |
| 33:11 | Build | Farm |
| 33:23 | Create | Villager (Male) |
| 33:28 | Create | Skirmisher |
| 33:28 | Create | Skirmisher |
Match timeline
| 2:14 | Tomito · first_building Dock |
| 6:11 | Epolus · wall_segment Palisade Wall x1 |
| 7:35 | ReVoluTion · first_building Barracks |
| 9:39 | StraightUpSlacker · first_building Dock |
| 13:36 | Epolus · first_building Barracks |
| 14:24 | ReVoluTion · age_up feudal |
| 14:56 | Master Blaster · age_up feudal |
| 15:04 | Shankzera · first_building Barracks |
| 15:20 | StraightUpSlacker · first_building Barracks |
| 15:51 | ReVoluTion · first_building Stable |
| 16:20 | Shankzera · age_up feudal |
| 16:30 | Shankzera · first_building Stable |
| 17:10 | StraightUpSlacker · age_up feudal |
| 17:11 | Shankzera · first_building Archery Range |
| 19:06 | StraightUpSlacker · first_building Archery Range |
| 19:36 | Master Blaster · first_building Dock |
| 20:08 | Tomito · age_up feudal |
| 20:38 | Epolus · age_up feudal |
| 20:51 | Master Blaster · first_building Barracks |
| 20:55 | Epolus · first_building Stable |
| 23:15 | Tomito · first_building Barracks |
| 23:44 | Master Blaster · first_building Stable |
| 24:02 | ReVoluTion · age_up castle |
| 24:33 | ReVoluTion · first_building Archery Range |
| 24:52 | Epolus · wall_segment Stone Wall x1 |
| 25:17 | Tomito · age_up castle |
| 25:56 | Master Blaster · age_up castle |
| 26:57 | Epolus · first_building Archery Range |
| 27:04 | StraightUpSlacker · age_up castle |
| 27:14 | StraightUpSlacker · first_market_buy 100 stone |
| 27:22 | StraightUpSlacker · first_building Castle |
| 27:31 | Shankzera · age_up castle |
| 28:00 | ReVoluTion · first_building Castle |
| 28:09 | Tomito · first_building Castle |
| 28:54 | Epolus · age_up castle |
| 29:11 | Epolus · first_market_buy 100 stone |
| 29:48 | Epolus · first_building Castle |
| 30:27 | ReVoluTion · first_building Siege Workshop |
| 30:35 | Epolus · wall_segment Stone Wall x1 |
| 32:01 | Master Blaster · first_building Monastery |
| 33:53 | Master Blaster · first_market_sell 500 food |
| 35:21 | Epolus · age_up imperial |
| 35:45 | Shankzera · first_building Monastery |
| 36:38 | Tomito · first_market_buy 100 food |
| 37:52 | Master Blaster · first_building Siege Workshop |
| 38:11 | Tomito · first_market_sell 100 food |
| 38:42 | Master Blaster · age_up imperial |
| 38:47 | Shankzera · first_building Castle |
| 39:08 | Shankzera · wall_segment Palisade Wall x1 |
| 39:23 | Shankzera · age_up imperial |
| 39:35 | ReVoluTion · age_up imperial |
| 40:01 | StraightUpSlacker · first_building Siege Workshop |
| 40:12 | Master Blaster · first_market_buy 100 stone |
| 40:23 | StraightUpSlacker · first_building Monastery |
| 41:49 | Tomito · age_up imperial |
| 42:48 | Master Blaster · first_building Castle |
| 45:32 | StraightUpSlacker · wall_segment Stone Wall x1 |
| 45:50 | StraightUpSlacker · wall_segment Stone Wall x5 |
| 46:10 | StraightUpSlacker · age_up imperial |
| 46:52 | StraightUpSlacker · wall_segment Stone Wall x6 |
| 48:15 | Epolus · tribute_sent a jugador 1 |
| 48:15 | Epolus · tribute_sent a jugador 3 |
| 48:15 | Epolus · tribute_sent a jugador 4 |
| 48:15 | Epolus · tribute_sent a jugador 5 |
| 48:15 | Epolus · tribute_sent a jugador 6 |
| 53:34 | Epolus · first_market_sell 100 wood |
| 53:52 | Tomito · resign |
[ AI ANALYSIS · 1 CREDIT ]
What really happened in this match?
Wolo.gg analyzes every decision: build order, eco, micro, common mistakes by bracket. Personalized analysis on WhatsApp or Discord in 30 seconds.
Civ guide
Maya
Map guide
Shipwreck
Perfil
StraightUpSlacker